 Dungeon Crawl Stone Soup version 0.20-a0-433-g9e36e56 (webtiles) character file.

314 varedna the Skirmisher (level 6, -9/48 HPs)
             Began as a Demonspawn Fighter on Jan 3, 2017.
             Mangled by w00t's ghost (10 damage)
             ... on level 4 of the Dungeon.
             The game lasted 00:09:33 (2660 turns).

varedna the Skirmisher (Demonspawn Fighter)         Turns: 2660, Time: 00:09:34

Health: -9/48      AC: 16    Str: 16 (18) XL:     6   Next: 19%
Magic:  6/6        EV:  2    Int:  8      God:
Gold:   83         SH:  8    Dex: 11 (12) Spells: 5/5 levels left

rFire  . . .     SeeInvis .     a - +1 war axe
rCold  . . .     Gourm    .     b - +1 plate armour
rNeg   . . .     Faith    .     c - +0 shield
rPois  .         Spirit   .     (helmet restricted)
rElec  .         Reflect  .     s - +0 cloak
rCorr  .         Harm     .     (no gloves)
MR     .....                    (no boots)
Stlth  ..........               (no amulet)
                                (no ring)
                                n - +3 ring of protection

@: no status effects
A: antennae 1, hooves 2, deterioration 1, dopey 1, rot immunity
a: no special abilities


You were on level 4 of the Dungeon.
You were very hungry.

You visited 1 branch of the dungeon, and saw 4 of its levels.

You collected 83 gold pieces.

Inventory:

Hand Weapons
 a - a +1 war axe (weapon)
Missiles
 l - 5 javelins (quivered)
 t - 10 tomahawks
Armour
 b - a +1 plate armour (worn)
 c - a +0 shield (worn)
 s - a +0 cloak (worn)
Jewellery
 n - a +3 ring of protection (left hand)
Scrolls
 e - 3 scrolls of identify
 g - a scroll of magic mapping
 i - a scroll of recharging
 j - a scroll of enchant weapon
 m - 2 scrolls of teleportation
Potions
 d - 3 potions of might
 h - 2 potions of heal wounds
 o - a potion of flight
 p - a potion of ambrosia
 q - a potion of lignification
 u - a potion of curing
 x - a potion of cancellation
Comestibles
 f - 3 bread rations
 v - a beef jerky
 z - a meat ration


   Skills:
 + Level 4.2 Fighting
 * Level 4.0 Axes
 + Level 3.8 Armour
 + Level 1.6 Dodging
 - Level 2.6 Shields


You had 5 spell levels left.
You didn't know any spells.

Dungeon Overview and Level Annotations

Branches:
Dungeon (4/15)
 Temple: D:4-7

Altars:
Ru
The Shining One

Shops:
D:4 =

Annotations:
D:4 w00t's ghost, amateur MiFi


Innate Abilities, Weirdness & Mutations

You have a pair of small antennae on your head.
You have hoof-like feet.
You are immune to rotting.
Your body sometimes deteriorates upon taking damage.
You are dopey. (Int -2)


Message History

You slash w00t's ghost!
You kick w00t's ghost, but do no damage.
W00t's ghost is heavily damaged.
W00t's ghost hits you!
* * * LOW HITPOINT WARNING * * *
W00t's ghost hits you.
* * * LOW HITPOINT WARNING * * *
You slash w00t's ghost!
You kick w00t's ghost, but do no damage.
W00t's ghost is severely damaged.
W00t's ghost hits you.
* * * LOW HITPOINT WARNING * * *
Your body deteriorates!
You feel clumsy.
You slash w00t's ghost! Your kick misses w00t's ghost.
W00t's ghost is almost destroyed.
W00t's ghost hits you but does no damage.
You hit w00t's ghost but do no damage.
W00t's ghost is almost destroyed.
W00t's ghost hits you!
You die...

,,,,,,,,,,,,*,,,,,,,,,,,,,,,,,,+.
,,,,,,,,,...*,,,,,,,,,,,,,,,,,,#.
,,,,,,,,,...#####################
,,*+******#....?.................
,,*,,,,,,,#....................(.
,,*,,,,,,,#.......[..............
,,*,,,,,,,#......................
,,*,,,,,,,#......................
,,**+***,,#....W@................
*,,,,,,*,,#####################..
*,,,,,,*,,,*,,,,*,,,,,,,,,,,,,#..
*,,,,,,*,,,*,,,,*,,,,,,,,,,,,,#..
*,,,,,,+,,,+,,,,*,,,,,,,,,,,,,#..
*,,,,,,*,,,*,,,,*,,,,,,,,,,,,,#..
*,,,,,,*,*****+*****+**+**,,,,#..
**********,,,,,,,*,,,**,**,,,,##.
*,,,,,,,*,,,,,,,,,,,,,#.


You could see w00t's ghost.

Vanquished Creatures
  The ghost of droogie the Ruffian, an amateur DrTm (D:3)
  A scorpion (D:3)
  A jelly (D:4)
  4 gnolls
  4 adders
  A worm (D:2)
  3 dart slugs
  4 leopard geckos
  4 orcs (D:3)
  9 bats
  2 giant cockroaches
  8 goblins
  10 hobgoblins
  A ball python (D:1)
  3 frilled lizards
  6 kobolds
  A leopard gecko skeleton (D:3)
  7 rats
70 creatures vanquished.

Notes
Turn   | Place    | Note
-------+----------+-------------------------------------------
     0 | D:1      | varedna the Demonspawn Fighter began the quest for the Orb.
     0 | D:1      | Reached XP level 1. HP: 18/18 MP: 1/1
    73 | D:1      | Gained mutation: You have a pair of small antennae on your head. [demonic ancestry]
    73 | D:1      | Reached XP level 2. HP: 18/24 MP: 2/2
   299 | D:1      | Gained mutation: You have large cloven feet. [demonic ancestry]
   299 | D:1      | Reached XP level 3. HP: 26/29 MP: 3/3
   945 | D:2      | Found a sacrificial altar of Ru.
  1350 | D:3      | Noticed droogie's ghost (amateur DrTm)
  1380 | D:3      | Killed droogie's ghost
  1380 | D:3      | Reached skill level 1 in Dodging
  1380 | D:3      | Reached XP level 4. HP: 20/37 MP: 4/4
  1380 | D:3      | Gained mutation: You have hoof-like feet. [demonic ancestry]
  1380 | D:3      | Reached XP level 5. HP: 22/42 MP: 5/5
  1869 | D:3      | Found a glowing golden altar of the Shining One.
  1912 | D:3      | Gained mutation: You are immune to rotting. [demonic ancestry]
  1912 | D:3      | Reached XP level 6. HP: 19/48 MP: 6/6
  2360 | D:4      | Gained mutation: You are dopey. (Int -2) [potion of mutation]
  2360 | D:4      | Gained mutation: Your body sometimes deteriorates upon taking damage. [potion of mutation]
  2412 | D:4      | Found Arer's Jewellery Shoppe.
  2643 | D:4      | Noticed w00t's ghost (amateur MiFi)
  2658 | D:4      | HP: 1/48 [w00t's ghost (6)]
  2660 | D:4      | Mangled by w00t's ghost

Vault maps used:
D:1:      dpeg_arrival_radiant
D:2:      first_bread, roderic_lattice_a, minmay_misc_feat_more_columns,
          nicolae_ru_path_of_blood
D:3:      tso_oasis_becter
D:4:      serial_shops, shop

Skill      XL: |  1  2  3  4  5  6 |
---------------+-------------------+-----
Axes           | 2 3 4 |  4.0
Armour         | 3 |  3.8
Dodging        | 1 |  1.6
Fighting       | 4 |  4.2
Shields        | |  2.6

Action                   |  1- 3 |  4- 6 || total
-------------------------+-------+-------++-------
Melee: War axe           |   158 |   140 ||   298
       Kick              |    23 |    38 ||    61
  Use: Scroll            |       |    16 ||    16
       Potion            |       |     1 ||     1
  Eat: Chunk             |     1 |     4 ||     5
Armor: Scale mail        |    23 |       ||    23
       Plate armour      |    96 |   103 ||   199
Dodge: Dodged            |    20 |    22 ||    42
Block: Shield            |    95 |    68 ||   163
